Description

Safe PvT blink stalker opening focused on dealing with early aggression and get ahead in the late game.

VOD

https://www.youtube.com/watch?v=FzoEcCD5ibE

Replay - 2020-04-27 - (T)Dream VS (P)Zest

Build Order

Get SALT Encoding   

  12  0:00  Probe  
  13  0:12  Probe  
  14  0:17  Pylon  
  14  0:24  Probe (Chrono Boost)  
  15  0:37  Gateway, Probe (Chrono Boost)  
  16  0:45  Probe (Chrono Boost)  
  16  0:46  Assimilator  
  17  0:51  Probe  
  18  1:03  Probe  
  19  1:15  Probe  
  20  1:24  Cybernetics Core  
  20  1:32  Nexus  
  20  1:36  Probe  
  21  1:42  Pylon  
  21  1:48  Probe  
  21  1:51  Assimilator  
  22  1:57  Adept (Chrono Boost)  
  25  2:03  Warp Gate  
  26  2:20  Stalker  
  30  2:37  Twilight Council  
  32  2:54  Gateway  
  33  3:01  Stalker  
  37  3:06  Blink (Chrono Boost)  
  41  3:28  Robotics Facility  
  41  3:39  Pylon  
  45  3:56  Nexus  
  45  3:59  Sentry  
  45  4:01  Stalker  
  50  4:09  Pylon  
  51  4:14  Assimilator  
  53  4:17  Observer  
  54  4:30  Stalker x2  
  53  4:43  Observer  
  55  4:48  Forge  
  57  4:58  Pylon  
  59  5:02  Charge  
  59  5:04  Observer  
  61  5:08  Protoss Ground Weapons Level 1 (Chrono Boost)  
  61  5:11  Observer  
  63  5:19  Gateway x3  
  68  5:30  Observer  
  68  5:34  Warp Prism (Chrono Boost)  
  70  5:41  Sentry x2  
  74  5:44  Observer, Gateway x2  
  74  5:49  Gateway  
  74  6:14  Stalker x5  
  84  6:21  Immortal (Chrono Boost)  
  91  6:44  Zealot x4  
  101  7:03  Protoss Ground Armor Level 1 (Chrono Boost)  
  98  7:26  Assimilator x2  
  98  7:29  Immortal (Chrono Boost)  
  102  7:31  Zealot x3  
  102  7:33  Colossus (Chrono Boost)  
  108  7:42  Zealot x3  
  120  7:48  Templar Archives  
  128  8:04  Immortal (Chrono Boost)  
  132  8:13  Observer  
  130  8:46  Psionic Storm  
  132  9:00  Protoss Ground Weapons Level 2 (Chrono Boost)  
  132  9:08  Warp Prism  
  132  9:11  Photon Cannon  
  132  9:12  Shield Battery  
  134  9:24  Photon Cannon  
  134  9:26  High Templar x2, Observer  
  134  9:29  Assimilator  
  138  9:34  Nexus  
  138  9:44  High Templar  
  148  9:58  Gateway  
Spawning Tool Build Advisor. Get it on Overwolf

Go to:

Details

  • Created by: GusThePlatypus
  • Published on: May 30, 2020
  • Modified on: May 30, 2020
  • Patch: 4.11.0
  • Difficulty: Medium
Show
View Real Time Build Order
Export as new Build Order

Comments (0)

There are no comments. Be the first!

Create an account to comment!